 Dungeon Crawl Stone Soup version 0.31-a0-1-g4198be8af4 (webtiles) character file.

Game seed: 7167413169147601666

264 bande the Chopper (level 6, -2/38 HPs)
             Began as a Gargoyle Fighter on May 2, 2023.
             Slain by an ogre
             ... wielding a +0 giant club
              (24 damage)
             ... on level 4 of the Dungeon.
             The game lasted 00:03:15 (2615 turns).

bande the Chopper (Gargoyle Fighter)                Turns: 2615, Time: 00:03:15

Health: -2/38      AC: 11    Str: 19    XL:     6   Next: 19%
Magic:  0/6        EV:  9    Int:  9    God:
Gold:   173        SH:  5    Dex: 11    Spells: 5/5 levels left

rFire   . . .        a - +1 war axe
rCold   . . .        c - +1 buckler
rNeg    + . .        b - +0 scale mail
rPois   ∞            (no helmet)
rElec   +            (no cloak)
rCorr   .            (no gloves)
SInv    .            (no boots)
Will    .....        h - amulet of guardian spirit Stlth
                     (no ring)
HPRegen 0.26/turn    (no ring)
MPRegen 0.10/turn

%: guardian spirit
@: no status effects
A: sickness immunity, AC +4, negative energy resistance 1, electricity
resistance, torment resistance 1, petrification resistance
a: no special abilities


You were on level 4 of the Dungeon.
You visited 1 branch of the dungeon, and saw 4 of its levels.

You collected 173 gold pieces.

Inventory:

Hand Weapons
 a - a +1 war axe (weapon)
 l - a +0 flail
 n - a +0 war axe
Armour
 b - a +0 scale mail (worn)
 c - a +1 buckler (worn)
Jewellery
 e - a +5 ring of evasion
 h - an amulet of guardian spirit (around neck)
Wands
 o - a wand of polymorph (7)
Scrolls
 j - a scroll of identify
 k - a scroll of amnesia
 m - a scroll of teleportation
 p - 2 scrolls of silence
Potions
 d - a potion of might
 f - a potion of heal wounds
 g - a potion of curing
 i - 2 potions of haste


   Skills:
 + Level 4.2 Fighting
 + Level 4.4 Axes
 + Level 4.0 Armour
 + Level 3.7 Shields
 * Level 1.1 Evocations


You had 5 spell levels left.
You didn't know any spells.
Your spell library was empty.

Dungeon Overview and Level Annotations

Branches:
Dungeon (4/15)
 Temple: D:4-7

Altars:
Dithmenos
Xom


Innate Abilities, Weirdness & Mutations

You are immune to sickness and miasma.
Your stone body is resilient. (AC +4)
You are immune to poison.
You resist negative energy. (rN+)
You are resistant to electric shocks. (rElec)
You are resistant to unholy torment.
You are immune to petrification.


Message History

No target in view!
No target in view!
No target in view!
No target in view!
No target in view!
No target in view!
No target in view!
No target in view!
Unknown command.
You closely miss something. Something hits you but does no damage.
You hit something.
Reactivating autopickup.
You feel a bit more experienced.
Your Evocations skill increases to level 1!
Things that are here:
a +2 antimagic dagger; a +0 robe; a +0 club
Things that are here:
a +2 antimagic dagger; a +0 robe; a +0 club
e - a +5 ring of evasion
Items here: )) ††.
n - a +0 war axe Magic restored.
You now have 173 gold pieces (gained 3).
Found 6 stones.
You see here 6 stones.
Found a stone staircase leading down.
No target in view!
No target in view!
No target in view!
An ogre comes into view. It is wielding a +0 giant club.
The ogre shouts!
An ogre is nearby!
The ogre closely misses you.
You barely miss the ogre.
The ogre hits you with a +0 giant club!!
You hit the ogre.
The ogre is lightly wounded.
The ogre hits you with a +0 giant club!!
Ouch! That really hurt!
You die...

..#####........##..
#..##........#....
#.............##.
..####......#....###
..........#.....#
#............#
##...##......#
##.#####.....# #@##
##...## #O.# #.###
...## ..# ....# #.
.....# # ##..# #..
..


You could see an ogre.

Vanquished Creatures
  An ogre (D:4)
  An orc wizard (D:4)
  5 adders
  An ufetubus (D:4)
  5 worms
  A dart slug (D:1)
  8 orcs
  7 endoplasms
  3 giant cockroaches
  9 goblins
  5 hobgoblins
  4 jackals
  6 kobolds
  5 quokkas
  2 ball pythons
  6 bats
  8 frilled lizards
  A rat (D:2)
78 creatures vanquished.

Notes
Turn   | Place    | Note
-------+----------+-------------------------------------------
     0 | D:1      | bande the Gargoyle Fighter began the quest for the Orb.
     0 | D:1      | Reached XP level 1. HP: 14/14 MP: 1/1
   233 | D:1      | Reached XP level 2. HP: 19/19 MP: 2/2
   544 | D:2      | Reached XP level 3. HP: 24/24 MP: 3/3
   809 | D:2      | Reached XP level 4. HP: 27/29 MP: 4/4
  1337 | D:3      | Reached XP level 5. HP: 33/33 MP: 5/5
  1869 | D:3      | Found a shadowy altar of Dithmenos.
  1999 | D:3      | Found a shimmering altar of Xom.
  2440 | D:4      | Noticed an ogre
  2447 | D:4      | Killed an ogre
  2448 | D:4      | Reached XP level 6. HP: 31/38 MP: 6/6
  2541 | D:4      | Reached skill level 1 in Evocations
  2615 | D:4      | Slain by an ogre

Illustrated notes

Levels and vault maps discovered:
D:1:      dpeg_arrival_rooms_c, layout_basic
D:2:      minmay_razor_zed, layout_rooms, ebering_dispersal_statue_hall,
          kennysheep_generic_room_14
D:3:      layout_loops_corners, mainiacjoe_overflow_swirl, minmay_mini_jars
D:4:      layout_layer_cave, minmay_snake_closets

Skill      XL: |  1  2  3  4  5  6 |
---------------+-------------------+-----
Axes           | 2 3 4 |  4.4
Fighting       | 4 |  4.2
Armour         | 4 |  4.0
Evocations     | 1 |  1.1
Shields        | |  3.7

Action                     |  1- 3 |  4- 6 || total
---------------------------+-------+-------++-------
  Melee: War axe           |    82 |   123 ||   205
    Use: Scroll            |       |    11 ||    11
 Armour: Scale mail        |    44 |    71 ||   115
  Dodge: Dodged            |    27 |    47 ||    74
  Block: Buckler           |    26 |    24 ||    50

Table legend: (Time is in decaauts)
 A = Elapsed time spent in this place.
 B = Non-inter-level travel time spent in this place.
 C = Inter-level travel time spent in this place.
 D = Time resting spent in this place.
 E = Time spent auto-exploring this place.
 F = Levels seen in this place.
 G = Mean time per level.
                   A        B        C        D        E       F      G
               +--------+--------+--------+--------+--------+-----+--------+
         Total |   2693 |   2623 |     70 |     43 |   2048 |   4 |  673.2 |
       Dungeon |   2693 |   2623 |     70 |     43 |   2048 |   4 |  673.2 |
               +--------+--------+--------+--------+--------+-----+--------+

Top non-repeatable levels by time:
     D:3: 1017 daAuts
     D:2: 722 daAuts
     D:1: 544 daAuts
     D:4: 409 daAuts
